 Dungeon Crawl Stone Soup version 0.20-a0-1124-g2e29d97 (webtiles) character file.

93 anfisbena the Slasher (level 4, -1/23 HPs)
             Began as a Vine Stalker Fighter on May 15, 2017.
             Killed by divine providence
             ... invoked by an orc priest
              (12 damage)
             ... on level 3 of the Dungeon.
             The game lasted 00:01:48 (1963 turns).

anfisbena the Slasher (Vine Stalker Fighter)        Turns: 1963, Time: 00:01:49

Health: -1/23      AC:  6    Str: 18    XL:     4   Next: 62%
Magic:  0/5        EV:  7    Int:  8    God:
Gold:   102        SH:  9    Dex: 15    Spells: 3/3 levels left

rFire    . . .     SeeInvis .   a - +0 long sword
rCold    . . .     Gourm    .   c - +0 shield
rNeg     . . .     Faith    .   b - +0 scale mail
rPois    .         Spirit   +   (no helmet)
rElec    .         Reflect  .   (no cloak)
rCorr    .         Harm     .   (no gloves)
MR       .....                  (no boots)
Stlth    ..........             (no amulet)
Regen    0.5/turn               (no ring)
MPRegen  0.1/turn               (no ring)

@: no status effects
A: fangs 2, regeneration 1, magic shield, antimagic bite, no potion heal 3, rot
immunity
a: no special abilities


You were on level 3 of the Dungeon.
You were not hungry.

You visited 1 branch of the dungeon, and saw 3 of its levels.

You collected 102 gold pieces.

Inventory:

Hand Weapons
 a - a +0 long sword (weapon)
Armour
 b - a +0 scale mail (worn)
 c - a +0 shield (worn)
Jewellery
 e - an uncursed ring of protection from fire {unknown}
 j - an uncursed ring of fire {unknown}
Wands
 n - a wand of acid (6/15)
Scrolls
 i - a scroll of enchant weapon {unknown}
 l - 5 scrolls of identify {unknown}
 m - a scroll of teleportation {unknown}
 p - a scroll of immolation {unknown}
 r - a scroll of recharging {unknown}
Potions
 d - 3 potions of might
 g - 2 potions of heal wounds {unknown}
 h - a potion of berserk rage {unknown}
 k - a potion of lignification {unknown}
 o - a potion of flight {unknown}
Comestibles
 f - a bread ration
 q - 16 chunks of flesh


   Skills:
 - Level 2.6 Fighting
 + Level 4.2 Long Blades
 - Level 2.4 Armour
 - Level 2.6 Shields


You had 3 spell levels left.
You didn't know any spells.

Dungeon Overview and Level Annotations

Branches:
Dungeon (3/15)

Altars:
Cheibriados
Fedhas


Innate Abilities, Weirdness & Mutations

You have extremely sharp teeth.
Your natural rate of healing is unusually fast.
When hurt, damage is shared between your health and your magic reserves.
Your bite disrupts and absorbs the magic of your enemies.
Potions cannot restore your health.
You are immune to rotting.


Message History

There is an open door here.
An orc priest comes into view. It is wielding a whip.
The orc priest shouts!
An orc priest is nearby! 2 orcs come into view.
An orc is wielding a trident of venom.
The orc shouts! x2
The orc priest closely misses you.
You closely miss the orc priest. You bite the orc priest. You drain its power.
The orc priest is lightly wounded.
The orc priest mumbles some strange prayers to Beogh against you.
Beogh smites you!
You closely miss the orc priest.
The orc priest is lightly wounded.
The orc priest hits you with a whip.
* * * LOW HITPOINT WARNING * * *
The orc barely misses you. The orc hits you but does no damage.
The orc priest mumbles some strange prayers to Beogh against you.
Beogh smites you!
Ouch! That really hurt!
You die...

..# #.# #.# #.# ##+##
#.# ##...## #.#
##.o...## ####.#
#..o@...## ##.##.#
.....o......####...#.#
..'.........'........#
#..##############....#
#. #..#.## ##. #.###.#
#. ##.#.## .## ###
##<## #.# #.# #.#


You could see an orc priest and 2 orcs.

Vanquished Creatures
  3 adders (D:2)
  A worm (D:2)
  2 dart slugs (D:1)
  3 leopard geckos
  7 orcs (D:3)
  2 ball pythons
  5 bats
  3 giant cockroaches
  4 goblins
  7 hobgoblins
  3 kobolds
  2 frilled lizards (D:1)
  4 rats
46 creatures vanquished.

Notes
Turn   | Place    | Note
-------+----------+-------------------------------------------
     0 | D:1      | anfisbena the Vine Stalker Fighter began the quest for the Orb.
     0 | D:1      | Reached XP level 1. HP: 11/11 MP: 2/2
   143 | D:1      | Reached skill level 2 in Long Blades
   166 | D:1      | Reached XP level 2. HP: 7/16 MP: 3/3
   680 | D:1      | Reached skill level 3 in Long Blades
   682 | D:1      | Reached XP level 3. HP: 19/19 MP: 4/4
  1560 | D:2      | Gained mutation: Your natural rate of healing is unusually fast. [Vine Stalker growth]
  1560 | D:2      | Reached XP level 4. HP: 9/23 MP: 3/5
  1613 | D:2      | Found a blossoming altar of Fedhas.
  1758 | D:2      | Reached skill level 4 in Long Blades
  1816 | D:3      | Found a snail-covered altar of Cheibriados.
  1963 | D:3      | Killed from afar by an orc priest

Vault maps used:
D:1:      tarquinn_simple_flora_water_f
D:2:      fedhas_altar_3
D:3:      old_standard_altar, cheibrodos_sewer_entry_sluice, moated_statue,
          amethyst_killhole, lemuel_blue_sif_altar

Skill      XL: |  1  2  3  4 |
---------------+-------------+-----
Long Blades    | 2 3 4 |  4.2
Fighting       | |  2.6
Armour         | |  2.4
Shields        | |  2.6

Action                   |  1- 3 |  4- 6 || total
-------------------------+-------+-------++-------
Melee: Long sword        |    89 |    43 ||   132
       Bite              |    22 |    14 ||    36
  Eat: Chunk             |     2 |     2 ||     4
Armor: Scale mail        |    35 |    13 ||    48
Dodge: Dodged            |    22 |    12 ||    34
Block: Shield            |    37 |    19 ||    56
       Rpst.: Long sword |     8 |     2 ||    10
